AoeStats
← Saxolive5888

Arabian Desert

510857703Analyzed
1v1 RM · 5h ago on Oct 2, 2026· 17m 52s· 2 players
Game mode
Random Map
Map size
Tiny (2 player)
Population
200
Speed
Normal
Resources
Standard
Victory
Conquest
Starting age
Dark Age
Ending age
Imperial Age
RankedLock teamsTeams togetherTeam positionsShared explorationLock speedFull tech treeHidden civsTurbo modeCheats
Victory
Defeat
🇨🇿 Maya · Czechia
680
+17
🇺🇸 Spanish · United States
691
-17
Saxolive5888
7:50 Loom
11:38 Feudal Age
12:31 Double-Bit Axe
12:29 Horse Collar
12:59 Gold Mining
16:43 Fletching
Karovic9232
11:13 Feudal Age
11:39 Double-Bit Axe
13:51 Man-at-Arms
17:04 Scale Mail Armor
17:09 Horse Collar
Connection lost

Rejoining the realm…

Still unreachable

The connection could not be restored.

Session expired

The server has moved on; the page needs a fresh start.